 Dungeon Crawl Stone Soup version 0.29-a0-813-g4a14ea37d6 (webtiles) character file.

Game seed: 2391353523265050884

86114 buhh the Black Belt (level 15, -3/108 HPs)
             Began as an Octopode Transmuter on July 5, 2022.
             Was a High Priest of Cheibriados.
             Constricted to death by Jorgrun (11 damage)
             ... on level 15 of the Dungeon.
             The game lasted 00:47:03 (31337 turns).

buhh the Black Belt (Octopode Transmuter)          Turns: 31337, Time: 00:47:04

Health: -3/108     AC:  5    Str: 24    XL:     15   Next: 86%
Magic:  9/33       EV: 21    Int: 40    God:    Cheibriados [*****.]
Gold:   1827       SH:  5    Dex: 23    Spells: 5/18 levels left

rFire   + + .      SeeInvis .     - Unarmed
rCold   + . .      Faith    .   (no shield)
rNeg    + + .      Spirit   .   (helmet restricted)
rPois   +          Reflect  +   a - amulet of reflection
rElec   .          Harm     .   h - +6 ring of intelligence
rCorr   +          Rampage  .   s - ring of wizardry
Will    +....                   y - +4 ring of protection
Stlth   ++++......              i - ring of positive energy
HPRegen 0.28/turn               m - ring of resist corrosion
MPRegen 0.23/turn               r - ring of ice
                                T - ring of positive energy
                                J - ring "Hallyts" {rPois rF+++ MP+9 Str+2 Dex-2}

@: grasped by roots, constricted, very slow
A: almost no armour, amphibious, 8 rings, camouflage 1, gelatinous body 1,
(nimble swimmer 1), tentacles
a: Renounce Religion, Bend Time, Temporal Distortion, Slouch, Step From Time


You were on level 15 of the Dungeon.
You worshipped Cheibriados.
Cheibriados was extremely pleased with you.
You visited 3 branches of the dungeon, and saw 22 of its levels.

You collected 1827 gold pieces.

Inventory:

Missiles
 j - 30 poisoned darts
 u - 7 atropa-tipped darts
 M - 5 curare-tipped darts
 W - a throwing net {!f}
Armour
 E - the +1 robe of Vines {NoPotionHeal Regen++++, =g}
   (You found it on level 4 of the Lair of Beasts)

   Its wearer cannot be healed by potions.
   Regen:     It increases your rate of health regeneration.
 L - a +0 hat
Magical Staves
 z - a staff of poison
Jewellery
 a - an amulet of reflection (around mantle)
 h - a +6 ring of intelligence (left tentacle)
 i - a ring of positive energy (on tentacle)
 m - a ring of resist corrosion (on tentacle)
 r - a ring of ice (on tentacle)
 s - a ring of wizardry (right tentacle)
 y - a +4 ring of protection (on tentacle)
 J - the ring "Hallyts" (on tentacle) {rPois rF+++ MP+9 Str+2 Dex-2}
   (You found it on level 14 of the Dungeon)

   [ring of magical power]

   Str:       It affects your strength (+2).
   Dex:       It affects your dexterity (-2).
   rF:        It renders you almost immune to fire.
   rPois:     It protects you from poison.
   MP:        It affects your magic capacity (+9).
 T - a ring of positive energy (on tentacle)
 V - an amulet of guardian spirit
Wands
 c - a wand of flame (40)
 d - a wand of iceblast (22)
 q - a wand of polymorph (20)
 v - a wand of digging (5)
 G - a wand of paralysis (11)
 K - a wand of light (11)
 S - a wand of mindburst (16)
Scrolls
 b - 6 scrolls of silence {!r}
 g - 5 scrolls of identify {!d}
 n - 7 scrolls of vulnerability
 p - 5 scrolls of noise
 t - 5 scrolls of teleportation {!d}
 F - 2 scrolls of enchant weapon
 I - a scroll of poison
 P - 5 scrolls of magic mapping {!r!d}
 Q - 3 scrolls of fog
 R - 3 scrolls of torment
 X - 3 scrolls of amnesia
 Z - 4 scrolls of enchant armour
Potions
 e - 3 potions of brilliance {unknown}
 f - 3 potions of might
 k - 6 potions of flight
 l - 3 potions of lignification {!d}
 A - 3 potions of heal wounds {unknown}
 B - 2 potions of magic {unknown}
 C - 2 potions of degeneration {unknown}
 D - a potion of ambrosia {unknown}
 H - a potion of cancellation {unknown}
 N - 13 potions of curing {!q!d}
 O - 6 potions of haste {!q!d}
 U - 7 potions of mutation {!d}
 Y - 3 potions of resistance {unknown}
Miscellaneous
 x - a box of beasts


   Skills:
 - Level 12.0 Fighting
 - Level 13.3 Dodging
 - Level 3.0 Stealth
 - Level 16.0 Unarmed Combat
 - Level 2.0 Spellcasting
 - Level 8.0 Transmutations
 - Level 7.0 Ice Magic
 - Level 2.0 Poison Magic
 * Level 12.0 Invocations


You had 5 spell levels left.
You knew the following spells:

 Your Spells              Type           Power      Damage    Failure   Level
a - Beastly Appendage     Tmut           100%       N/A       1%          1
b - Wereblood             Tmut           61%        N/A       1%          2
c - Spider Form           Tmut/Pois      44%        N/A       1%          3
d - Ozocubu's Armour      Ice            74%        N/A       1%          3
e - Ice Form              Ice/Tmut       77%        N/A       1%          4

Your spell library contained the following spells:

 Spells                   Type           Power      Damage    Failure   Level
 Apportation              Tloc           8%         N/A       1%          1
 Freeze                   Ice            100%       1d11      1%          1
 Slow                     Hex            16%        N/A       1%          1
 Ensorcelled Hibernation  Hex/Ice        96%        N/A       1%          2
 Poisonous Vapours        Pois/Air       24%        N/A       1%          2
 Frozen Ramparts          Ice            100%       1d12      1%          3
 Confusing Touch          Hex            4%         N/A       4%          3
 Inner Flame              Hex/Fire       4%         N/A       4%          3
 Vampiric Draining        Necr           4%         2d6       4%          3
 Hailstorm                Conj/Ice       48%        3d11      4%          4
 Alistair's Intoxication  Tmut/Pois      29%        N/A       6%          5
 Corpse Rot               Necr/Pois/Air  9%         N/A       12%         4
 Anguish                  Hex/Necr       2%         N/A       16%         4
 Cause Fear               Hex            2%         N/A       16%         4
 Dispel Undead            Necr           4%         3d7       16%         4
 Ozocubu's Refrigeration  Ice            37%        4d12      56%         7
 Death Channel            Necr           2%         N/A       91%         6
 Discord                  Hex            2%         N/A       100%        8


Dungeon Overview and Level Annotations

Branches:
Dungeon (15/15) Zot: 39732  Temple (1/1) D:4 Zot: 8919    Lair (6/6) D:8 Zot: 37946
  Swamp (0/4) Lair:2        Snake (0/4) Lair:3        Slime (0/5) Lair:6
    Orc (0/2) D:9          Vaults (0/5) D:14         Depths (0/4) D:15

Altars:
Ashenzari
Cheibriados
Dithmenos
Elyvilon
Fedhas
Gozag
Hepliaklqana
Kikubaaqudgha
Makhleb
Nemelex Xobeh
Okawaru
Qazlal
Ru
Sif Muna
Trog
Uskayaw
Vehumet
Wu Jian
Xom
Yredelemnul
Zin
The Shining One
Ignis
Jiyva

Shops:
D:8 (   D:11 (   D:14 [

Annotations:
D:6 1 runed translucent door, porpoise's ghost, amateur TeSu
D:13 Azrael
D:15 exclusion: fire giant, Jorgrun
Lair:1 Amaemon
Lair:6 3 runed translucent doors, Geym's ghost, journeyman MiBe


Innate Abilities, Weirdness & Mutations

You cannot wear most types of armour.
You are amphibious.
You can wear up to eight rings at the same time.
Your skin changes colour to match your surroundings (Stealth+).
Your rubbery body absorbs attacks. (AC +1, EV +1)
((You are camouflaged when in or above water. (Stealth+)))
You have tentacles for arms and can constrict up to eight enemies at once.


Message History

Okay, then.
You hear a grinding noise.
Okay, then.
Jorgrun completely misses you.
Okay, then.
You step out of the flow of time.
You hear a grinding noise. x11
You return to the normal time flow.
You hear a grinding noise.
You hear a grinding noise.
You hear a grinding noise.
You hear a grinding noise.
You hear a grinding noise.
Jorgrun points next to you and mumbles some strange words.
The wall shatters!
The blast of rock fragments hits you!!
Okay, then.
You step out of the flow of time.
You hear a grinding noise. x2
You return to the normal time flow.
Cheibriados lowers the support of your attributes as your movement quickens.
Jorgrun casts a spell at you. The iron shot hits you!!!
* * * LOW HITPOINT WARNING * * *
You step out of the flow of time.
You return to the normal time flow.
Cheibriados lowers the support of your attributes as your movement quickens.
Okay, then.
Okay, then.
Really quaff
N - 14 potions of curing {!q!d}?
You feel better.
Jorgrun points at you and mumbles some strange words.
Roots burst forth from the earth!
The grasping roots grab you! The grasping roots constrict you!
* * * LOW HITPOINT WARNING * * *
Okay, then.
As you read the scroll of summoning, it crumbles to dust.
Wisps of shadow whirl around you...
Jorgrun hits your fire dragon with a +0 vorpal quarterstaff!!
The grasping roots constrict you!
You die...

###### #..... #.#### #.#
#######.### #.......#.##
.#
#..##.#########.######.#..
.#.#
#...gDO@OOOOO<..........
#.#.#
##.#########O.######.#.#
#.#.. #.# #.## #..... #.#.
#.# #.# ##.#.# #..##.# #.#
#.... #....# #.# #.#.#
##..## #.# #.... ##..##
#.# #.... #...## #.#


You could see Jorgrun (ally target), a friendly fire dragon (summoned), 4
friendly two-headed ogres, a friendly ogre mage (summoned) and 2 friendly ogres.

Vanquished Creatures
  Snorg (D:11)
  Josephine (D:13)
  Fannar (Lair:3)
  11 hydras
  An ogre mage (D:14)
  4 boulder beetles
  8 vault guards (D:14)
  11 two-headed ogres
  A catoblepas (Lair:4)
  A centaur warrior (D:15)
  6 death yaks
  2 tengu warriors (D:13)
  Nergalle (Lair:3)
  A spriggan (Lair:6)
  A swamp dragon (Lair:2)
  3 deep elf pyromancers
  3 oklob plants
  2 manticores
  4 ugly things (D:15)
  13 elephants
  5 cyclopes
  2 black mambas
  Joseph (D:7)
  A torpor snail (Lair:2)
  An orange demon (Lair:1)
  7 cane toads
  A yaktaur (shapeshifter) (D:13)
  5 gargoyles
  3 rime drakes
  4 unseen horrors
  A tengu conjurer (D:13)
  4 kobold demonologists
  6 komodo dragons
  3 hornets
  3 meliai (D:15)
  5 trolls
  Prince Ribbit (Lair:2)
  A polar bear (Lair:6)
  21 slime creatures
  4 dream sheep (Lair:5)
  23 blink frogs
  A shadow (D:10)
  Sigmund (D:3)
  8 wraiths
  A fire elemental (D:13)
  8 basilisks
  3 vampire mosquitoes (D:10)
  5 wyverns
  56 yaks
  5 steam dragons
  A golden eye (shapeshifter) (D:14)
  Grum (D:8)
  A warg (D:9)
  6 nagas (Lair:3)
  12 water moccasins
  6 acid dragons
  2 ice beasts
  A swamp drake (Lair:6)
  3 orc warriors (D:9)
  A black bear (D:4)
  3 ogres
  32 wolves
  2 centaurs
  A phantom (D:7)
  4 kobold brigands
  15 bullfrogs
  2 necrophages
  3 scorpions
  10 wights
  3 killer bees (D:11)
  A howler monkey (D:13)
  2 electric eels
  22 jellies
  3 orc priests
  A hound (D:6)
  Terence (D:3)
  10 iguanas
  5 orc wizards
  7 gnolls
  10 adders
  A shadow imp (D:7)
  An ufetubus (D:7)
  3 worms
  39 orcs
  18 endoplasms
  4 giant cockroaches
  12 goblins
  5 hobgoblins
  2 jackals (D:3)
  3 quokkas
  6 ball pythons
  4 bats
  8 frilled lizards
  17 kobolds
  3 rats
  A rat zombie (D:5)
564 creatures vanquished.

Vanquished Creatures (collateral kills)
  An orc knight (D:10)
1 creature vanquished.

Vanquished Creatures (others)
  45 fungi
  67 plants
  2 withered plants (D:6)
114 creatures vanquished.

Grand Total: 679 creatures vanquished

Notes
Turn   | Place    | Note
-------+----------+-------------------------------------------
     0 | D:1      | buhh the Octopode Transmuter began the quest for the Orb.
     0 | D:1      | Reached XP level 1. HP: 13/13 MP: 3/3
   271 | D:1      | Reached XP level 2. HP: 16/18 MP: 1/5
  1384 | D:2      | Found a faded altar of an unknown god.
  1456 | D:2      | Reached XP level 3. HP: 25/25 MP: 4/6
  2252 | D:3      | Reached XP level 4. HP: 23/31 MP: 7/7
  2453 | D:3      | Noticed Sigmund
  2476 | D:3      | Killed Sigmund
  2477 | D:3      | Reached XP level 5. HP: 27/37 MP: 8/8
  2479 | D:3      | Reached XP level 6. HP: 28/43 MP: 9/9
  2621 | D:3      | Noticed Terence
  2629 | D:3      | Learned a level 2 spell: Wereblood
  2633 | D:3      | Learned a level 3 spell: Spider Form
  2643 | D:3      | Killed Terence
  2694 | D:3      | Found a radiant altar of Vehumet.
  2774 | D:3      | Reached skill level 4 in Unarmed Combat
  3072 | D:3      | Noticed an angel
  3073 | D:3      | Found a glowing silver altar of Zin.
  3365 | D:4      | Found a staircase to the Ecumenical Temple.
  3401 | Temple   | Entered the Ecumenical Temple
  3641 | D:4      | Noticed a water moccasin
  3877 | D:4      | Reached XP level 7. HP: 36/48 MP: 8/10
  3958 | D:4      | Found a broken altar of Ashenzari.
  4657 | D:5      | Entered Level 5 of the Dungeon
  5136 | D:5      | Reached skill level 5 in Unarmed Combat
  5300 | D:5      | Found an ancient bone altar of Kikubaaqudgha.
  5368 | D:5      | Reached XP level 8. HP: 55/55 MP: 8/11
  5668 | D:5      | Found a sacrificial altar of Ru.
  5888 | D:6      | Noticed a kobold demonologist
  6045 | D:6      | Identified the +6 hand axe "Arphooki" {antimagic, *Rage
                  | rN++ Int+3 Dex+3}
  6108 | D:6      | Found a runed translucent door.
  6109 | D:6      | Noticed porpoise's ghost (amateur TeSu)
  6816 | D:7      | Noticed Joseph
  6883 | D:7      | Reached skill level 6 in Unarmed Combat
  6902 | D:8      | Found Omaecs's Weapon Shoppe.
  6972 | D:8      | Noticed a hornet
  7302 | D:7      | Learned a level 3 spell: Ozocubu's Armour
  7444 | D:7      | Noticed a wyvern
  7452 | D:7      | Killed a wyvern
  7453 | D:7      | Reached XP level 9. HP: 41/63 MP: 8/12
  8225 | D:8      | Killed a hornet
  8249 | D:8      | Reached skill level 7 in Unarmed Combat
  8272 | D:8      | Noticed Grum
  8534 | D:8      | Killed Grum
  9098 | D:7      | Killed an unseen horror
  9480 | D:8      | Noticed a boulder beetle
  9502 | D:8      | Killed a boulder beetle
  9503 | D:8      | Reached XP level 10. HP: 72/72 MP: 10/13
  9587 | D:8      | Reached skill level 8 in Unarmed Combat
 10067 | D:8      | Learned a level 4 spell: Ice Form
 10824 | D:8      | Found a staircase to the Lair.
 10907 | Lair:1   | Entered Level 1 of the Lair of Beasts
 10989 | Lair:1   | Noticed a five-headed hydra
 10999 | Lair:1   | Noticed a cane toad
 11006 | Lair:1   | Killed a cane toad
 11008 | Lair:1   | Noticed a black mamba
 11064 | Lair:1   | Killed a black mamba
 11135 | Lair:1   | Reached XP level 11. HP: 78/78 MP: 4/14
 11604 | D:4      | Reached skill level 9 in Unarmed Combat
 11924 | D:7      | Killed Joseph
 12461 | D:9      | Noticed a boulder beetle
 12847 | D:9      | Found a snail-covered altar of Cheibriados.
 12849 | D:9      | Found a stormy altar of Qazlal.
 12851 | D:9      | Found a shimmering blue altar of Sif Muna.
 12854 | D:9      | Became a worshipper of Cheibriados the Contemplative
 13620 | Lair:1   | Killed a five-headed hydra
 14052 | Lair:1   | Noticed Amaemon
 14827 | Lair:2   | Noticed a six-headed hydra
 14842 | Lair:2   | Killed a six-headed hydra
 14999 | Lair:2   | Noticed a death yak
 15023 | Lair:2   | Reached * piety under Cheibriados
 15150 | Lair:2   | Reached skill level 10 in Unarmed Combat
 15239 | Lair:2   | Reached XP level 12. HP: 87/87 MP: 5/15
 15600 | Lair:2   | Found a staircase to the Swamp.
 15768 | Lair:2   | Killed a death yak
 15931 | Lair:2   | Noticed Prince Ribbit
 15945 | Lair:2   | Killed Prince Ribbit
 16341 | Lair:2   | Noticed a death yak
 16359 | Lair:2   | Killed a death yak
 16817 | Lair:3   | Noticed an eight-headed hydra
 17033 | Lair:3   | Killed an eight-headed hydra
 17355 | Lair:3   | Noticed Fannar
 17381 | Lair:3   | Killed Fannar
 17430 | Lair:3   | Reached ** piety under Cheibriados
 17502 | Lair:3   | Found a staircase to the Snake Pit.
 17639 | Lair:3   | Noticed Nergalle
 17656 | Lair:3   | Killed Nergalle
 18162 | Lair:4   | Reached skill level 11 in Fighting
 18162 | Lair:4   | Reached skill level 11 in Dodging
 18169 | Lair:4   | Reached skill level 11 in Unarmed Combat
 18384 | Lair:4   | Noticed a seven-headed hydra
 18388 | Lair:4   | Noticed a four-headed hydra
 18396 | Lair:4   | Killed a seven-headed hydra
 18397 | Lair:4   | Reached XP level 13. HP: 90/95 MP: 9/16
 18723 | Lair:4   | Found the +1 robe of Vines {NoPotionHeal Regen++++}
 18736 | Lair:4   | Reached *** piety under Cheibriados
 19707 | Lair:5   | Reached skill level 12 in Unarmed Combat
 19981 | Lair:5   | Reached **** piety under Cheibriados
 21047 | Lair:5   | Reached XP level 14. HP: 103/103 MP: 11/17
 21401 | Lair:6   | Entered Level 6 of the Lair of Beasts
 21401 | Lair:6   | Found a runed translucent gate.
 21401 | Lair:6   | Found a runed translucent gate.
 21401 | Lair:6   | Found a runed translucent gate.
 21404 | Lair:6   | Noticed Geym's ghost (journeyman MiBe)
 21555 | Lair:6   | Found a staircase to the Slime Pits.
 21556 | Lair:6   | Found a viscous altar of Jiyva.
 21650 | Lair:6   | Reached skill level 13 in Unarmed Combat
 22181 | Lair:6   | Identified the +0 helmet of Ulettada {rPois Int+4 Dex+2}
 23825 | D:9      | Found a staircase to the Orcish Mines.
 24416 | D:9      | Found a hazy altar of Hepliaklqana.
 24487 | D:10     | Entered Level 10 of the Dungeon
 24611 | D:10     | Reached ***** piety under Cheibriados
 24782 | D:10     | Found a blossoming altar of Fedhas.
 26078 | D:11     | Reached skill level 14 in Unarmed Combat
 26140 | D:11     | You fall into a shaft and drop 3 floors!
 26191 | D:14     | Found Hinom's Armour Boutique.
 26215 | D:13     | Found a blossoming altar of Fedhas.
 26341 | D:11     | Noticed Snorg
 26349 | D:11     | Killed Snorg
 27015 | D:11     | Found Qiosud's Weapon Emporium.
 27398 | D:12     | Reached XP level 15. HP: 108/108 MP: 17/21
 27532 | D:12     | Reached ****** piety under Cheibriados
 28938 | D:13     | Noticed Josephine
 28955 | D:13     | Killed Josephine
 28961 | D:13     | Reached skill level 15 in Unarmed Combat
 29030 | D:13     | Noticed Azrael
 29669 | D:14     | Paralysed by something for 4 turns
 29743 | D:14     | Found a gate to the Vaults.
 30138 | D:14     | Reached skill level 11 in Invocations
 30313 | D:14     | Identified the ring "Hallyts" {rPois rF+++ MP+9 Str+2
                  | Dex-2}
 30772 | D:15     | Entered Level 15 of the Dungeon
 30826 | D:15     | Found a staircase to the Depths.
 30826 | D:15     | Noticed a fire giant
 31180 | D:15     | Reached skill level 16 in Unarmed Combat
 31316 | D:15     | Noticed Jorgrun
 31337 | D:15     | Constricted to death by Jorgrun

Illustrated notes

Levels and vault maps discovered:
D:1:      psy_arrival_spokes, layout_basic, minmay_misc_feat_room,
          minmay_misc_feat_tiny, hangedman_decor_points,
          minmay_shallow_snake_nest
D:2:      layout_loops_ring, hellmonk_ecumenical_altar_arch_garden
D:3:      layout_basic, zin_angel, mainiacjoe_overflow_brackets, uniq_terence,
          uniq_sigmund
D:4:      minmay_chambers_of_fours, layout_loops_cross, amcnicky_altar_gilded,
          minmay_temple_entry_grid, mrwooster_statue_mirror,
          minmay_misc_feat_doors, minmay_lizard_king
D:5:      layout_cave_pods, lemuel_zombie_altar_kikubaaqudgha,
          mainiacjoe_overflow_alcove_1
D:6:      layout_rooms, gammafunk_ghost_grave
D:7:      layout_rooms, uniq_joseph
D:8:      layout_rooms, erik_lair_dragon, serial_shops, nicolae_stop_n_shop_2,
          ebering_dispersal_statue_hall, uniq_grum
D:9:      layout_layer_cave, kennysheep_mini, grunt_temple_overflow_open,
          erik_orc_3
D:10:     minmay_chambers_of_sevens, layout_basic, lemuel_coloured_pillars_altar
D:11:     lemuel_slime, layout_irregular_city, serial_shops, shop,
          serial_rivers, chequers_serial_rivers_small_b,
          chequers_serial_rivers_small_a, chequers_serial_rivers_small_a,
          chequers_serial_rivers_room_a, uniq_snorg
D:12:     layout_loops_ring, kennysheep_opposing_triangles
D:13:     layout_grid_maze, fedhas_ov_isle_minmay, uniq_azrael, uniq_josephine
D:14:     layout_rooms, erik_vaults_2, serial_shops, shop, nicolae_two_hexagons
D:15:     grunt_enter_depths_giant_problem, layout_loops_ring,
          hangedman_decor_peaks_small, uniq_jorgrun
Temple:   pdpol_scorched_temple
Lair:1:   layout_cave_pods, serial_bayou_pond_b, grunt_forest_small_clearings,
          patterned_corridor, lemuel_fruit_fields, lemuel_fruit_tree,
          uniq_amaemon
Lair:2:   layout_cave_pods, minmay_swamp_entry_reptiles,
          infiniplex_staircase_pool, uniq_prince_ribbit2
Lair:3:   layout_misc_corridors, minmay_snake_entry_guardpost_medium,
          cheibrodos_lair_caveside_slide, grunt_megastairs_3, uniq_fannar,
          uniq_nergalle
Lair:4:   layout_misc_corridors, hellmonk_guarded_unrand_vines,
          grunt_megastairs_4
Lair:5:   layout_regular_city
Lair:6:   guppyfry_lair_end_dragon, layout_cave_pods,
          minmay_slime_entry_jelly_boxes, maelrawn_ghost_gauntlet_escape,
          grunt_forest_large_clearings

Skill      XL: |  1  2  3  4  5  6  7  8  9 10 11 12 13 14 15 |
---------------+----------------------------------------------+-----
Stealth        | 1 2 3 |  3.0
Fighting       | 2 3 4 5 6 7 8 10 11 12 | 12.0
Dodging        | 3 4 6 7 8 10 11 12 13 | 13.3
Poison Magic   | 2 |  2.0
Unarmed Combat | 4 5 6 7 8 10 11 12 14 16 | 16.0
Transmutations | 3 5 6 7 8 |  8.0
Ice Magic      | 2 4 6 7 |  7.0
Invocations    | 3 8 12 | 12.0
Spellcasting   | |  2.0

Action                   |  1- 3 |  4- 6 |  7- 9 | 10-12 | 13-15 || total
-------------------------+-------+-------+-------+-------+-------++-------
Melee: Unarmed           |    92 |    80 |   257 |   463 |   886 ||  1778
       Constrict         |    21 |    16 |     7 |       |     1 ||    45
       Tentacles         |    15 |    15 |     3 |     3 |       ||    36
       Kick              |    14 |    13 |     5 |       |       ||    32
       Punch             |     2 |     2 |       |       |       ||     4
 Cast: Beastly Appendage |    27 |    23 |     5 |     3 |       ||    58
       Spider Form       |       |     3 |    44 |     3 |       ||    50
       Ozocubu's Armour  |       |       |     2 |    30 |     8 ||    40
       Ice Form          |       |       |       |    59 |   127 ||   186
       Wereblood         |       |       |       |     3 |     4 ||     7
Invok: Slouch            |       |       |       |       |     5 ||     5
       Step From Time    |       |       |       |       |     4 ||     4
Evoke: Wand              |       |     5 |    28 |     6 |     2 ||    41
       Box of beasts     |       |       |       |       |     1 ||     1
  Use: Potion            |     1 |       |       |     1 |     3 ||     5
       Scroll            |       |       |     6 |     7 |    12 ||    25
 Stab: Sleeping          |     7 |     8 |     5 |     1 |     9 ||    30
       Paralysed         |       |       |    15 |       |       ||    15
Armor: Skin              |    15 |     4 |    26 |   173 |   281 ||   499
Dodge: Dodged            |    51 |    39 |   236 |   233 |   732 ||  1291
Block: Other             |    23 |    11 |    42 |    96 |   195 ||   367
       Reflection        |     1 |     1 |     2 |       |     4 ||     8

Table legend: (Time is in decaauts)
 A = Elapsed time spent in this place.
 B = Non-inter-level travel time spent in this place.
 C = Inter-level travel time spent in this place.
 D = Time resting spent in this place.
 E = Time spent auto-exploring this place.
 F = Levels seen in this place.
 G = Mean time per level.
                   A        B        C        D        E       F      G
               +--------+--------+--------+--------+--------+-----+--------+
         Total |  36712 |  34916 |   1796 |   6246 |  23743 |  22 | 1668.7 |
       Dungeon |  23935 |  22652 |   1283 |   4236 |  15217 |  15 | 1595.7 |
        Temple |     53 |     53 |      0 |      0 |     33 |   1 |   53.0 |
          Lair |  12723 |  12210 |    513 |   2010 |   8493 |   6 | 2120.5 |
               +--------+--------+--------+--------+--------+-----+--------+

Top non-repeatable levels by time:
     D:7: 2758 daAuts
     D:8: 2692 daAuts
  Lair:2: 2660 daAuts
  Lair:6: 2424 daAuts
  Lair:5: 2286 daAuts
  Lair:1: 2179 daAuts
    D:13: 2132 daAuts
    D:10: 2008 daAuts
     D:9: 1824 daAuts
  Lair:4: 1708 daAuts
     D:4: 1612 daAuts
    D:11: 1561 daAuts
    D:14: 1559 daAuts
    D:12: 1498 daAuts
  Lair:3: 1463 daAuts
